 Dungeon Crawl Stone Soup version 0.24-a0-130-ga3c21ff (webtiles) character file.

Game seed: 16038277012386352881

6 Borgoz the Sneak (level 1, 0/14 HPs)
             Began as a Ghoul Enchanter on Feb 26, 2019.
             Slain by a gnoll
             ... wielding a +0 whip
              (8 damage)
             ... on level 1 of the Dungeon.
             The game lasted 00:01:15 (166 turns).

Borgoz the Sneak (Ghoul Enchanter)                   Turns: 166, Time: 00:01:15

Health: 0/14       AC:  1    Str: 11    XL:     1   Next: 90%
Magic:  1/2        EV: 12    Int: 10    God:
Gold:   0          SH:  0    Dex:  9    Spells: 2/3 levels left

rFire    . . .     SeeInvis .   (no weapon)
rCold    + . .     Gourm    .   (no shield)
rNeg     + + +     Faith    .   b - +0 robe
rPois    ∞         Spirit   .   (no helmet)
rElec    .         Reflect  .   (no cloak)
rCorr    .         Harm     .   (no gloves)
MR       .....                  e - -2 pair of boots (curse)
Stlth    ++........             (no amulet)
HPRegen  0.00/turn              (no ring)
MPRegen  0.08/turn              (no ring)

@: flying, rotting
A: rotting body, claws 1, carnivore, cold resistance 1, negative energy
resistance 3, inhibited regeneration, torment resistance, unbreathing
a: no special abilities


You were on level 1 of the Dungeon.
You were not hungry.

You visited 1 branch of the dungeon, and saw 1 of its levels.

Inventory:

Armour
 b - a +0 robe (worn)
 e - a cursed -2 pair of boots (worn)
Jewellery
 f - an uncursed ring of flight {unknown}
Comestibles
 a - 4 chunks of flesh
 d - 2 rations


   Skills:
 + Level 0.2 Fighting
   Level 0.8 Short Blades
 + Level 1.8 Dodging
 + Level 3.3 Stealth
 * Level 0.6 Unarmed Combat
 + Level 1.8 Spellcasting
 + Level 2.4 Hexes


You had 2 spell levels left.
You knew the following spells:

 Your Spells              Type           Power        Failure   Level  Hunger
a - Corona                Hex            #......      12%         1    ##.....

Your spell library contained the following spells:

 Spells                   Type           Power        Failure   Level  Hunger
 Ensorcelled Hibernation  Hex/Ice        #.....       28%         2    ###....
 Confuse                  Hex            #.......     34%         3    ####...
 Tukima's Dance           Hex            #.......     34%         3    ####...
 Dazzling Spray           Conj/Hex       #.....       50%         3    ####...


Dungeon Overview and Level Annotations

Branches:
Dungeon (1/15)

Altars:


Innate Abilities, Weirdness & Mutations

Your body is rotting away.
You thrive on raw meat.
You are immune to poison.
You have sharp fingernails.
You are carnivorous and can eat meat at any time.
Your flesh is cold resistant. (rC+)
You are immune to negative energy. (rN+++)
You do not regenerate when monsters are visible.
You are immune to unholy pain and torment.
You can survive without breathing.


Message History

Confirm with . or Enter, or press ? or * to list all spells.
Aiming: Corona (safe; 12% risk of failure)
Press: ? - help, Shift-Dir - straight line, f - gnoll
Aim: a gnoll, wielding a +0 whip (chance to defeat MR: 48%)
The gnoll resists with significant effort.
The gnoll hits you with a +0 whip.
It was a potion of curing.
You feel better. The gnoll barely misses you.
You closely miss the gnoll. The gnoll hits you but does no damage.
You scratch the gnoll but do no damage. The gnoll closely misses you.
You scratch the gnoll.
The gnoll is lightly wounded.
The gnoll hits you with a +0 whip.
It was a potion of flight.
You feel very buoyant.
You fly up into the air.
The gnoll completely misses you.
You closely miss the gnoll.
The gnoll is lightly wounded.
The gnoll hits you with a +0 whip!
Ouch! That really hurt!
You die...

...<..# +.#.####.#
###.##.# #........#
#.# .# ###.####.#
#.# .# ###>#....##
#.# .# ...#.##..#
... . #..#.###.# #..
#####..#.# #.# #+#
#+ #......#.# #.# #.
#@###.##.# #.#
#.####.####g###)##.#
#.#
......lgg.ggl...##.#
#.#
#.......##.........#
#.#
###.###.##..###.####
#......K........#
...#####....!....#
.≈.g....g.$..###.#
≈P.≈..≈...##.# #.#


You could see a gnoll, a hobgoblin, a goblin and a frilled lizard.

Vanquished Creatures
  2 hobgoblins (D:1)
  A goblin (D:1)
  3 kobolds (D:1)
  A rat (D:1)
7 creatures vanquished.

Notes
Turn   | Place    | Note
-------+----------+-------------------------------------------
     0 | D:1      | Borgoz the Ghoul Enchanter began the quest for the Orb.
     0 | D:1      | Reached XP level 1. HP: 14/14 MP: 2/2
   166 | D:1      | Slain by a gnoll

Levels and vault maps discovered:
D:1:      roderic_octagonal_star, layout_loops_ring, chequers_big_river

Action                   || total
-------------------------++-------
Melee: Unarmed           ||    26
 Cast: Corona            ||     1
  Use: Potion            ||     2
  Eat: Chunk             ||     4
Armor: Robe              ||     2
Dodge: Dodged            ||    18

Table legend:
 A = Non-vault XP
 B = Vault XP
 C = Vault XP percentage of total XP
 D = Non-vault monster count
 E = Vault monster count
 F = Vault count percentage of total count
                 A         B        C        D         E       F
            +---------+---------+-------+---------+---------+-------
      Total |       9 |       0 |   0.0 |       7 |       0 |   0.0
            +---------+---------+-------+---------+---------+-------
        D:1 |       9 |       0 |   0.0 |       7 |       0 |   0.0
            +---------+---------+-------+---------+---------+-------
